 Dungeon Crawl Stone Soup version 0.31-a0-4-gefa6de2278 (webtiles) character file.

Game seed: 11287059481191571855

67 voltaire321 the Digger (level 4, -1/28 HPs)
             Began as an Octopode Earth Elementalist on May 3, 2023.
             Slain by an orc wizard
             ... wielding a +0 dagger
              (4 damage)
             ... on level 3 of the Dungeon.
             The game lasted 00:03:42 (1324 turns).

voltaire321 the Digger (OpEE)                       Turns: 1324, Time: 00:03:43

Health: -1/28      AC:  1    Str:  7    XL:     4   Next: 16%
Magic:  15/16      EV: 13    Int: 19    God:
Gold:   91         SH:  0    Dex:  7    Spells: 1/7 levels left

rFire   . . .        h - +0 short sword
rCold   + + .        (no shield)
rNeg    . . .        (helmet restricted)
rPois   .            g - amulet of magic regeneration
rElec   +            l - ring of willpower
rCorr   .            p - ring of Biokk {rElec rC++ MP+9 Dex-5 Slay+3}
SInv    .            (no ring)
Will    +....        (no ring)
Stlth   +++          (no ring)
HPRegen 0.24/turn    (no ring)
MPRegen 0.55/turn    (no ring)
                     (no ring)

%: no passive effects
@: no status effects
A: almost no armour, amphibious, 8 rings, camouflage 1, gelatinous body 1,
(nimble swimmer 1), tentacles
a: no special abilities


You were on level 3 of the Dungeon.
You visited 1 branch of the dungeon, and saw 3 of its levels.

You collected 91 gold pieces.

Inventory:

Hand Weapons
 h - a +0 short sword (weapon)
Jewellery
 g - an amulet of magic regeneration (around mantle)
 l - a ring of willpower (left tentacle)
 p - the ring of Biokk (right tentacle) {rElec rC++ MP+9 Dex-5 Slay+3}
   (You found it on level 3 of the Dungeon)

   [ring of magical power]

   Dex:       It affects your dexterity (-5).
   Slay:      It affects your accuracy & damage with ranged weapons and melee
   (+3).
   rC:        It greatly protects you from cold.
   rElec:     It insulates you from electricity.
   MP:        It affects your magic capacity (+9).
Scrolls
 b - 2 scrolls of teleportation {unknown}
 e - a scroll of noise {unknown}
 f - 3 scrolls of identify {unknown}
 j - a scroll of immolation {unknown}
 k - 3 scrolls of fog {unknown}
 m - a scroll of enchant armour {unknown}
Potions
 a - a potion of magic
 d - a potion of lignification {unknown}
 i - a potion of degeneration {unknown}
 n - a potion of ambrosia {unknown}
 o - a potion of curing {unknown}


   Skills:
 + Level 1.2 Fighting
 + Level 2.6 Dodging
 - Level 2.6 Stealth
 + Level 2.4 Spellcasting
 + Level 0.5 Conjurations
 + Level 1.8 Transmutations
 + Level 3.4 Earth Magic


You had one spell level left.
You knew the following spells:

 Your Spells              Type           Power      Damage    Failure   Level
a - Sandblast             Erth           30%        2d9       4%          1
b - Passwall              Tmut/Erth      10%        N/A       9%          2
c - Stone Arrow           Conj/Erth      18%        3d8       22%         3

Your spell library contained the following spells:

 Spells                   Type           Power      Damage    Failure   Level
 Petrify                  Tmut/Erth      12%        N/A       50%         4
 Passage of Golubria      Tloc           2%         N/A       85%         4
 Silence                  Hex/Air        1%         N/A       99%         5
 Lehudib's Crystal Spear  Conj/Erth      4%         10d3      100%        8


Dungeon Overview and Level Annotations

Branches:
Dungeon (3/15)

Altars:

Shops:
D:1 !


Innate Abilities, Weirdness & Mutations

You cannot wear most types of armour.
You are amphibious.
You can wear up to eight rings at the same time.
Your skin changes colour to match your surroundings (Stealth+).
Your rubbery body absorbs attacks. (AC +1, EV +1)
((You are camouflaged when in or above water. (Stealth+)))
You have tentacles for arms and can constrict up to eight enemies at once.


Message History

Press: ? - help, Q - select action, (/) - cycle Shift-Dir - straight line, f - orc wizard
Aim: an orc wizard, wielding a +0 dagger and wearing a +0 robe (moderately wounded, 77% to hit)
The blast of sand misses the orc wizard.
Aiming: Sandblast (safe; 4% risk of failure)
Press: ? - help, Q - select action, (/) - cycle Shift-Dir - straight line, f/p - orc wizard
Aim: an orc wizard, wielding a +0 dagger and wearing a +0 robe (moderately wounded, 77% to hit)
The blast of sand hits the orc wizard.
The orc wizard is heavily wounded.
The orc wizard casts a spell.
The orc wizard flickers and vanishes!
Deactivating autopickup; reactivate with Ctrl-A.
Aiming: Sandblast (safe; 4% risk of failure)
Press: ? - help, Q - select action, (/) - cycle Shift-Dir - straight line, f - orc
Aim: an orc, wielding a +0 flail (82% to hit)
The blast of sand misses the orc.
The orc closely misses you. Something hits you.
* * * LOW HITPOINT WARNING * * *
It was a potion of heal wounds.
You feel much better. The orc barely misses you. Something hits you.
Aiming: Sandblast (safe; 4% risk of failure)
Press: ? - help, Q - select action, (/) - cycle Shift-Dir - straight line, f/p - orc
Aim: an orc, wielding a +0 flail (82% to hit)
The blast of sand hits the orc.
The orc is heavily wounded.
The orc hits you with a +0 flail!
You hear some strange, mumbled words.
Something tries to affect you, but you resist.
Something completely misses you. The orc closely misses you.
You completely miss the orc. You grab the orc.
The orc is heavily wounded.
You constrict the orc.
You hear some strange, mumbled words.
A magic dart appears from out of thin air!
The magic dart hits you!
* * * LOW HITPOINT WARNING * * *
The orc completely misses you.
You hit something but do no damage. You constrict the orc.
You kill the orc!
Something hits you.
You die...

##### ###...###
##....@{)#
####.#.#.#)#.#
#..........)?.....
#.#.#.#.#.#.#.#...
#.#.............>.
####
#..#†#.#.#.#.#....
....####.............
.#
###..<...#.#.#.#.#.#.#
# ..................
..


There were no monsters in sight!

Vanquished Creatures
  An orc priest (D:3)
  2 dart slugs
  4 orcs
  2 bats (D:3)
  An endoplasm (D:1)
  A giant cockroach (D:1)
  5 goblins
  3 hobgoblins
  3 quokkas
  3 ball pythons
  5 frilled lizards
  A kobold (D:1)
31 creatures vanquished.

Notes
Turn   | Place    | Note
-------+----------+-------------------------------------------
     0 | D:1      | voltaire321 the Octopode Earth Elementalist began the quest
                  | for the Orb.
     0 | D:1      | Reached XP level 1. HP: 11/11 MP: 3/3
   118 | D:1      | Found Zikuugan's Distillery.
   215 | D:1      | Reached XP level 2. HP: 18/18 MP: 1/5
   393 | D:1      | Found a faded altar of an unknown god.
   431 | D:1      | Learned a level 2 spell: Passwall
   753 | D:2      | Reached XP level 3. HP: 22/22 MP: 3/6
   946 | D:2      | Learned a level 3 spell: Stone Arrow
   964 | D:2      | Reached skill level 1 in Fighting
  1237 | D:3      | Identified the ring of Biokk {rElec rC++ MP+9 Dex-5 Slay+3}
  1316 | D:3      | Reached XP level 4. HP: 4/28 MP: 7/7
  1320 | D:3      | HP: 1/28 [something (5)]
  1324 | D:3      | Slain by an orc wizard

Illustrated notes

Levels and vault maps discovered:
D:1:      roderic_octagonal_star, layout_rooms, serial_shops,
          nicolae_shop_hallway_stairs, ebering_ecumenical_altar_hall,
          nicolae_concentric_dashed_squares_mild
D:2:      layout_rooms
D:3:      layout_loops_cross, chequers_temple_overflow_minitemple,
          gammafunk_ghost_arena, hex_medium, chequers_serial_rivers_micro_c

Skill      XL: |  1  2  3 |
---------------+----------+-----
Fighting       | 1 |  1.2
Dodging        | |  2.6
Stealth        | |  2.6
Spellcasting   | |  2.4
Conjurations   | |  0.5
Transmutations | |  1.8
Earth Magic    | |  3.4

Action                     |  1- 3 |  4- 6 || total
---------------------------+-------+-------++-------
  Melee: Short sword       |     4 |     2 ||     6
         Tentacles         |     1 |       ||     1
         Constrict         |       |     1 ||     1
   Cast: Sandblast         |    35 |     6 ||    41
    Use: Potion            |       |     1 ||     1
 Armour: Skin              |     2 |       ||     2
  Dodge: Dodged            |    12 |     5 ||    17

Table legend: (Time is in decaauts)
 A = Elapsed time spent in this place.
 B = Non-inter-level travel time spent in this place.
 C = Inter-level travel time spent in this place.
 D = Time resting spent in this place.
 E = Time spent auto-exploring this place.
 F = Levels seen in this place.
 G = Mean time per level.
                   A        B        C        D        E       F      G
               +--------+--------+--------+--------+--------+-----+--------+
         Total |   1342 |   1334 |      8 |      3 |   1080 |   3 |  447.3 |
       Dungeon |   1342 |   1334 |      8 |      3 |   1080 |   3 |  447.3 |
               +--------+--------+--------+--------+--------+-----+--------+

Top non-repeatable levels by time:
     D:1: 758 daAuts
     D:2: 444 daAuts
     D:3: 139 daAuts
